 Dungeon Crawl Stone Soup version 0.32-a0-607-g64ea0e4219 (webtiles) character file.

Game seed: 10803596119698279326

1297 dolemite99 the Poker (level 8, -2/52 HPs)
             Began as a Coglin Fighter on Mar 4, 2024.
             Was a Follower of Hepliaklqana.
             Killed by nerve-wracking pain
             ... invoked by a shadow imp
              (10 damage)
             ... on level 6 of the Dungeon.
             The game lasted 00:05:09 (6260 turns).

dolemite99 the Poker (Coglin Fighter)               Turns: 6260, Time: 00:05:10

Health: -2/52      AC: 17    Str: 18    XL:     8   Next: 56%
Magic:  8/8        EV:  5    Int:  8    God:    Hepliaklqana [*.....]
Gold:   404        SH:  0    Dex: 14    Spells: 7/7 levels left

rFire   . . .        A - +0 morningstar {Ning}
rCold   . . .        z - +0 flail (venom) {Haeun}
rNeg    . . .        o - +0 plate armour
rPois   .            l - +1 helmet
rElec   .            (no cloak)
rCorr   .            j - +0 pair of gloves
SInv    .            k - +2 pair of boots
Will    .....        (amulet unavailable) Stlth
                     (ring unavailable)
HPRegen 0.28/turn    (ring unavailable)
MPRegen 0.11/turn    (no gizmo)

%: no passive effects
@: brilliant, revving
A: reduced essence, off-hand wielding, slow wielding, warmup strikes, no
jewellery
a: Invent Gizmo, Renounce Religion, Recall Ancestor, Ancestor Identity


You were on level 6 of the Dungeon.
You worshipped Hepliaklqana.
Hepliaklqana was aware of your devotion.
You visited 2 branches of the dungeon, and saw 7 of its levels.

You collected 404 gold pieces.

Inventory:

Hand Weapons
 a - a +0 war axe {María}
 e - a +2 short sword of electrocution {Minjun}
 q - a +1 spear of venom {Ishleen}
 y - a +0 trident
 z - a +0 flail of venom (offhand) {Haeun}
 A - a +0 morningstar (weapon) {Ning}
Missiles
 h - 7 poisoned darts
Armour
 b - a +0 scale mail
 c - a +0 buckler
 j - a +0 pair of gloves (worn)
 k - a +2 pair of boots (worn)
 l - a +1 helmet (worn)
 o - a +0 plate armour (worn)
 p - a +0 pair of boots
 r - +0 fire dragon scales
Wands
 B - a wand of polymorph (4)
 C - a wand of acid (10)
Scrolls
 g - 2 scrolls of amnesia
 i - a scroll of vulnerability
 m - a scroll of poison
 s - a scroll of enchant armour
 u - a scroll of blinking
Potions
 d - 2 potions of might
 f - a potion of heal wounds {unknown}
 n - a potion of degeneration {unknown}
 t - a potion of brilliance
 x - a potion of attraction {unknown}


   Skills:
 + Level 3.3 Fighting
 - Level 5.3(7.6) Axes
 - Level 5.0(6.0) Maces & Flails
 - Level 5.6(6.5) Polearms
 + Level 3.0 Armour
 - Level 2.1 Shields


You had 7 spell levels left.
You didn't know any spells.
Your spell library contained the following spells:

 Spells                   Type           Power      Damage    Failure   Level
 Magic Dart               Conj           0%         1d3       100%        1
 Blink                    Tloc           0%         N/A       100%        2
 Call Imp                 Summ           0%         N/A       100%        2
 Ensorcelled Hibernation  Hex/Ice        0%         N/A       100%        2
 Passwall                 Erth           0%         N/A       100%        3
 Swiftness                Air            0%         N/A       100%        3


Dungeon Overview and Level Annotations

Branches:
Dungeon (6/15)             Temple (1/1) D:4

Altars:
Ashenzari
Cheibriados
Dithmenos
Elyvilon
Fedhas
Hepliaklqana
Kikubaaqudgha
Makhleb
Nemelex Xobeh
Qazlal
Ru
Sif Muna
Uskayaw
Wu Jian
Xom
Yredelemnul


Innate Abilities, Weirdness & Mutations

Your life essence is reduced to manifest your ancestor. (-10% HP)
You can wield a second weapon in your off-hand.
It takes a long time for you to wield or remove held weapons.
Your first few attacks do less damage.
You cannot equip rings or amulets.


Message History

The scorpion dies!
The steam dragon breathes steam at you.
The ball of steam hits Uraetton!
Uraetton resists.
Uraetton is destroyed!
The ball of steam hits you!
Your Armour skill increases to level 3!
You are engulfed in a cloud of scalding steam.
You are engulfed in a cloud of scalding steam.
The steam dragon breathes steam at you. The ball of steam hits you!
* * * LOW HITPOINT WARNING * * *
Something shouts, "Get thee hence, thou puny dismal-dreaming hugger-mugger!"
It was a potion of brilliance.
You feel clever all of a sudden.
You feel more clever all of a sudden.
You are engulfed in a cloud of scalding steam.
* * * LOW HITPOINT WARNING * * *
A shadow imp comes into view.
Found a stone staircase leading up.
The steam dragon bites you but does no damage.
The steam dragon claws you but does no damage.
You feel more clever all of a sudden. The steam dragon barely misses you.
The steam dragon claws you but does no damage.
Okay, then.
Unknown command.
You puncture the steam dragon with your +0 morningstar!
The steam dragon is moderately wounded.
You hit the steam dragon with your +0 flail of venom.
The steam dragon is poisoned.
The steam dragon bites you but does no damage.
The steam dragon claws you but does no damage.
You closely miss the steam dragon with your +0 flail of venom.
The steam dragon is heavily wounded.
You hit the steam dragon with your +0 morningstar.
The shadow imp gestures at you. Pain shoots through your body!
You die...
Hepliaklqana delivers you to your ancestors.

### #.# # .?# ##<##.#
#.# ###...#.# #.#
#..)....# # #.#
#)#(..##.... ###†###
#.<.......#
#####.§...###..#.####.#
.......D.......#.#
#####.#@#§.§§.......#
#....#.....#.##.#
#.#.#..#.....#
................
#.#..[...5......#
#.#.............# #
#............$#
##...#.<...


You could see a steam dragon (very poisoned) and a shadow imp.

Vanquished Creatures
  Duvessa (D:4)
  A water moccasin (D:4)
  A black bear (D:5)
  A kobold brigand (D:6)
  3 scorpions (D:5)
  Dowan (D:4)
  2 howler monkeys (D:4)
  A bombardier beetle (D:6)
  A jelly (D:5)
  2 orc priests (D:4)
  A gnoll bouda (D:5)
  Natasha (twice) (D:4)
  2 orc wizards (D:4)
  11 adders
  8 gnolls
  A white imp (D:5)
  2 ufetubi (D:5)
  8 dart slugs
  10 orcs
  5 ball pythons
  6 bats
  2 bat zombies (D:3)
  5 endoplasms
  2 giant cockroaches
  4 goblins
  6 hobgoblins
  5 kobolds
  9 quokkas
  A frilled lizard (D:3)
  A frilled lizard zombie (D:3)
  4 rats (D:3)
109 creatures vanquished.

Vanquished Creatures (collateral kills)
  A bombardier beetle (D:5)
1 creature vanquished.

Vanquished Creatures (others)
  A scorpion (D:6)
  An ancestor (D:6)
2 creatures vanquished.

Grand Total: 112 creatures vanquished

Notes
Turn   | Place    | Note
-------+----------+-------------------------------------------
     0 | D:1      | dolemite99 the Coglin Fighter began the quest for the Orb.
     0 | D:1      | Reached XP level 1. HP: 18/18 MP: 1/1
    73 | D:1      | Reached XP level 2. HP: 20/24 MP: 2/2
   405 | D:1      | Reached XP level 3. HP: 29/29 MP: 3/3
  1320 | D:2      | Reached XP level 4. HP: 35/35 MP: 4/4
  2136 | D:3      | Found an ancient bone altar of Kikubaaqudgha.
  2249 | D:3      | Reached skill level 5 in Axes
  2253 | D:3      | Reached XP level 5. HP: 41/41 MP: 5/5
  2814 | D:3      | Reached skill level 1 in Polearms
  2914 | D:4      | Noticed Duvessa
  2914 | D:4      | Noticed Dowan
  3045 | D:4      | Found a staircase to the Ecumenical Temple.
  3073 | Temple   | Entered the Ecumenical Temple
  3087 | Temple   | Became a worshipper of Hepliaklqana the Forgotten
  3133 | D:4      | Noticed a water moccasin
  3137 | D:4      | Killed a water moccasin
  3138 | D:4      | Reached XP level 6. HP: 47/47 MP: 6/6
  3205 | D:4      | Noticed Natasha
  3209 | D:4      | Killed Natasha
  3215 | D:4      | Killed Dowan
  3240 | D:4      | Killed Duvessa
  3241 | D:4      | Reached XP level 7. HP: 30/52 MP: 7/7
  3390 | D:4      | Reached skill level 5 in Polearms
  4046 | D:4      | Noticed Natasha
  4051 | D:4      | Killed Natasha
  4071 | D:5      | Entered Level 5 of the Dungeon
  4082 | D:5      | Reached skill level 1 in Maces & Flails
  4338 | D:5      | Reached XP level 8. HP: 22/58 MP: 8/8
  5442 | D:5      | Reached * piety under Hepliaklqana
  5453 | D:5      | Found a blossoming altar of Fedhas.
  5453 | D:5      | Found a shadowy altar of Dithmenos.
  6037 | D:6      | Reached skill level 5 in Maces & Flails
  6260 | D:6      | Killed from afar by a shadow imp

Illustrated notes

Levels and vault maps discovered:
D:1:      ldierk_walled_garden_2, layout_rooms
D:2:      layout_basic, serial_glass, glass_columns_a, glass_columns_c,
          glass_columns_a, glass_columns_c, due_unseen_surprise,
          minmay_strange_pillars
D:3:      layout_loops_ring, lemuel_zombie_altar_kikubaaqudgha,
          minmay_stone_trees_large, chequers_serial_rivers_micro_b,
          grunt_decor_clamped, serial_bayou_pond_b
D:4:      layout_basic, minmay_temple_entry_waves, uniq_duvessa, uniq_natasha
D:5:      layout_basic, gammafunk_temple_overflow_pools
D:6:      layout_loops_ring, minmay_misc_feat_pillars, kennysheep_crisscross
Temple:   cyrus_circular_temple

Skill      XL: |  1  2  3  4  5  6  7  8 |
---------------+-------------------------+-----
Axes           | 3 4 5 |  5.3
Polearms       | 2 4 5 |  5.6
Maces & Flails | 2 5 |  5.0
Armour         | 3 |  3.0
Fighting       | |  3.3
Shields        | |  2.1

Action                     |  1- 3 |  4- 6 |  7- 9 || total
---------------------------+-------+-------+-------++-------
  Melee: War axe           |    45 |    64 |    75 ||   184
         Short sword       |    34 |    19 |       ||    53
         Spear             |       |    52 |    43 ||    95
         Flail             |       |       |    56 ||    56
         Morningstar       |       |       |    23 ||    23
 Invoke: Recall Ancestor   |       |       |     1 ||     1
    Use: Scroll            |       |     1 |     8 ||     9
         Potion            |       |     1 |     6 ||     7
 Armour: Scale mail        |    49 |     4 |       ||    53
         Plate armour      |       |    67 |   188 ||   255
  Dodge: Dodged            |    25 |    18 |    43 ||    86

Table legend: (Time is in decaauts)
 A = Elapsed time spent in this place.
 B = Non-inter-level travel time spent in this place.
 C = Inter-level travel time spent in this place.
 D = Time resting spent in this place.
 E = Time spent auto-exploring this place.
 F = Levels seen in this place.
 G = Mean time per level.
                   A        B        C        D        E       F      G
               +--------+--------+--------+--------+--------+-----+--------+
         Total |   6292 |   6055 |    237 |   2197 |   2893 |   7 |  898.9 |
       Dungeon |   6267 |   6040 |    227 |   2197 |   2893 |   6 | 1044.5 |
        Temple |     25 |     15 |     10 |      0 |      0 |   1 |   25.0 |
               +--------+--------+--------+--------+--------+-----+--------+

Top non-repeatable levels by time:
     D:5: 2141 daAuts
     D:2: 1185 daAuts
     D:3: 1075 daAuts
     D:4: 1067 daAuts
     D:1: 738 daAuts
     D:6: 59 daAuts
  Temple: 25 daAuts
